 Dungeon Crawl Stone Soup version 0.31-a0-1499-ge0622b2318 (webtiles) character file.

Game seed: 2384377078964365837

12029 jasper the Grappler (level 11, -9/93 HPs)
             Began as a Demonspawn Cinder Acolyte on Dec 29, 2023.
             Was a Priest of Ignis.
             Mangled by a polar bear (18 damage)
             ... on level 11 of the Dungeon.
             The game lasted 00:14:47 (9722 turns).

jasper the Grappler (Demonspawn Cinder Acolyte)     Turns: 9722, Time: 00:14:47

Health: -9/93      AC: 10    Str: 19    XL:     11   Next: 57%
Magic:  0/12       EV:  6    Int: 15    God:    Ignis [***...]
Gold:   527        SH: 12    Dex:  8    Spells: 9/12 levels left

rFire   + .          .
                       - Unarmed
rCold   . . .        z - +0 tower shield
rNeg    . . .        l - +0 scale mail
rPois   .            k - +0 helmet
rElec   .            (cloak unavailable)
rCorr   .            (no gloves)
SInv    .            (no boots)
Will    .....        m - amulet of guardian spirit Stlth
                     (no ring)
HPRegen 0.35/turn    (no ring)
MPRegen 0.13/turn

%: guardian spirit
@: no status effects
A: icy blue scales 2, weakness stinger 3
a: Renounce Religion, Fiery Armour, Foxfire Swarm


You were on level 11 of the Dungeon.
You worshipped Ignis.
Ignis was most pleased with you.
You visited 1 branch of the dungeon, and saw 11 of its levels.

You collected 527 gold pieces.

Inventory:

Hand Weapons
 n - a +5 heavy flail
Missiles
 f - a curare-tipped dart
 g - 32 poisoned darts
 r - 5 boomerangs
Armour
 a - a +0 robe
 i - a +1 cloak
 k - a +0 helmet (worn)
 l - a +0 scale mail (worn)
 s - an orb of energy
 z - a +0 tower shield (worn)
 B - a +2 cloak
Jewellery
 m - an amulet of guardian spirit (around neck)
 p - an amulet of the acrobat
 v - a ring of protection from cold
Talismans
 q - a maw talisman
Wands
 w - a wand of mindburst (3)
 y - a wand of flame (16)
 C - a wand of polymorph (5)
Scrolls
 b - a scroll of revelation
 d - 2 scrolls of poison
 e - a scroll of identify
 F - a scroll of fog
Potions
 c - 2 potions of haste
 h - a potion of brilliance
 j - a potion of cancellation
 o - 3 potions of magic
 t - 2 potions of mutation {unknown}
 u - a potion of ambrosia
 x - 2 potions of lignification
 A - a potion of degeneration {unknown}
 D - 2 potions of heal wounds {unknown}
 E - a potion of curing


   Skills:
 + Level 11.5 Fighting
 + Level 6.4 Shields
 * Level 12.4 Unarmed Combat
 - Level 1.0 Spellcasting
 - Level 2.6 Fire Magic


You had 9 spell levels left.
You knew the following spells:

 Your Spells              Type           Power      Damage    Failure   Level
a - Swiftness             Air            0%         N/A       100%        3

Your spell library contained the following spells:

 Spells                   Type           Power      Damage    Failure   Level
 Scorch                   Fire           16%        2d5       94%         2
 Necrotise                Necr           0%         1d4       99%         1
 Shock                    Conj/Air       0%         1d3       99%         1
 Cigotuvi's Dreadful Rot  Necr/Alch/Air  0%         N/A       100%        2
 Dazzling Flash           Conj/Hex       0%         N/A       100%        3
 Mephitic Cloud           Conj/Alch/Air  0%         N/A       100%        3
 Vampiric Draining        Necr           0%         2d6       100%        3
 Airstrike                Air            0%         2d(0-16)  100%        4
 Ignite Poison            Fire/Alch      4%         N/A       100%        4
 Martyr's Knell           Necr/Summ      0%         N/A       100%        4
 Vhi's Electric Charge    Tloc/Air       0%         N/A       100%        4
 Arcjolt                  Conj/Air       0%         1d10      100%        5
 Curse of Agony           Necr           0%         N/A       100%        5
 Freezing Cloud           Conj/Ice/Air   0%         6-21      100%        5
 Silence                  Hex/Air        0%         N/A       100%        5
 Maxwell's Capacitive Co  Air            0%         ∞         100%        8


Dungeon Overview and Level Annotations

Branches:
Dungeon (11/15)            Temple (0/1) D:5            Lair (0/5) D:9
    Orc (0/2) D:9

Altars:
Cheibriados
Dithmenos
Makhleb
Okawaru
Yredelemnul

Shops:
D:10 =   D:11 *

Annotations:
D:4 Edmund
D:6 2 transporters, wally255's ghost, novice KoHu
D:8 Jeremiah


Innate Abilities, Weirdness & Mutations

You are mostly covered in icy blue scales. (AC +3)
You have a sharp stinger which inflicts weakening toxins.


Message History

You closely miss the polar bear.
The polar bear is heavily wounded.
The polar bear barely misses you.
The polar bear claws you but does no damage.
You block the polar bear's attack.
You punch the polar bear!
The polar bear is almost dead.
The polar bear goes berserk!
You barely miss the polar bear.
The polar bear is almost dead.
You block the polar bear's attack. x2
The polar bear claws you but does no damage.
You block the polar bear's attack. x2; The polar bear claws you.
* * * LOW HITPOINT WARNING * * *
You take 1 damage, and have 20/93 hp.
You closely miss the polar bear.
You tail-slap the polar bear, but do no damage.
The polar bear is almost dead.
The polar bear bites you but does no damage.
You block the polar bear's attack. The polar bear barely misses you.
You hit the polar bear but do no damage.
Your tail-slap misses the polar bear.
The polar bear is almost dead.
You block the polar bear's attack.
The polar bear claws you but does no damage.
The polar bear barely misses you. The polar bear bites you.
* * * LOW HITPOINT WARNING * * *
The polar bear claws you.
* * * LOW HITPOINT WARNING * * *
You block the polar bear's attack.
You take 2 damage, and have 19/93 hp.
You hit the polar bear but do no damage.
You tail-slap the polar bear, but do no damage.
The polar bear is almost dead.
The polar bear bites you!
* * * LOW HITPOINT WARNING * * *
The polar bear closely misses you.
The polar bear claws you but does no damage.
The polar bear bites you!!
You die...

.#....####
.........
#.......
.#......#####
........#...#
.......†#...#
........#...#
##......#...#
#......h@..#
#......#...#
###....#...#
#....#...#.#
#....###+#.#
#..........#
#..........######
#...............#
#...............#


You could see a polar bear (berserk).

Vanquished Creatures
  Gastronok (D:8)
  A two-headed ogre (D:8)
  Pikel (D:4)
  Maurice (D:7)
  A manticore (D:11)
  A kobold demonologist (D:10)
  A polar bear (D:11)
  A centaur simulacrum (D:11)
  5 wyverns
  29 yaks
  2 steam dragons
  2 vampire mosquitoes (D:11)
  A water moccasin (D:5)
  Duvessa (D:6)
  2 orc warriors
  An ice beast (D:6)
  A meliai simulacrum (D:11)
  2 sky beasts (D:7)
  A black bear (D:7)
  2 ogres
  2 wolves (D:9)
  2 centaurs
  2 phantoms (D:5)
  A lemure (D:4)
  2 kobold brigands
  2 bullfrogs
  A scorpion (D:5)
  5 wights (D:8)
  Dowan (D:6)
  4 electric eels (D:7)
  A jelly (D:7)
  2 bombardier beetles
  4 orc priests
  A gnoll bouda (D:4)
  3 hounds
  A sleepcap (D:6)
  Terence (D:2)
  3 iguanas
  8 orc wizards
  3 gnolls (D:4)
  8 adders
  2 ribbon worms
  2 shadow imps
  A white imp (D:6)
  2 dart slugs
  30 orcs
  8 endoplasms
  3 giant cockroaches
  11 goblins
  A hobgoblin (D:2)
  3 jackals (D:2)
  9 kobolds
  2 quokkas
  4 ball pythons
  2 bats (D:2)
  8 frilled lizards
  An orc skeleton (D:9)
  4 orc zombies (D:9)
  A rat (D:2)
208 creatures vanquished.

Notes
Turn   | Place    | Note
-------+----------+-------------------------------------------
     0 | D:1      | jasper the Demonspawn Cinder Acolyte began the quest for
                  | the Orb.
     0 | D:1      | Reached XP level 1. HP: 18/18 MP: 2/2
   353 | D:1      | Reached skill level 3 in Unarmed Combat
   353 | D:1      | Gained mutation: You are partially covered in icy blue
                  | scales. (AC +2) [demonic ancestry]
   353 | D:1      | Reached XP level 2. HP: 24/24 MP: 3/3
  1055 | D:2      | Noticed Terence
  1064 | D:2      | Reached XP level 3. HP: 30/30 MP: 4/4
  1075 | D:2      | Killed Terence
  1287 | D:2      | Gained mutation: You have a small tail. [demonic ancestry]
  1287 | D:2      | Reached XP level 4. HP: 37/37 MP: 5/5
  1757 | D:3      | Reached skill level 4 in Unarmed Combat
  1811 | D:3      | Found a faded altar of an unknown god.
  1882 | D:3      | Found a burning altar of Makhleb.
  2054 | D:3      | Gained mutation: You have a tail ending in a sharp stinger.
                  | [demonic ancestry]
  2054 | D:3      | Reached XP level 5. HP: 34/43 MP: 6/6
  2326 | D:3      | You fall into a shaft and drop 3 floors!
  2617 | D:5      | Entered Level 5 of the Dungeon
  2630 | D:5      | Noticed a phantom
  2645 | D:5      | Killed a phantom
  2646 | D:5      | Reached skill level 5 in Fighting
  2646 | D:5      | Gained mutation: You are mostly covered in icy blue scales.
                  | (AC +3) [demonic ancestry]
  2646 | D:5      | Reached XP level 6. HP: 50/51 MP: 5/7
  2728 | D:5      | Reached skill level 5 in Unarmed Combat
  2791 | D:5      | Noticed a water moccasin
  2799 | D:5      | Killed a water moccasin
  2800 | D:5      | Reached XP level 7. HP: 20/58 MP: 2/8
  2802 | D:5      | Found a staircase to the Ecumenical Temple.
  3162 | D:4      | Noticed Pikel
  3188 | D:4      | Killed Pikel
  3189 | D:4      | Reached skill level 6 in Unarmed Combat
  3189 | D:4      | Reached XP level 8. HP: 19/67 MP: 2/9
  3467 | D:4      | Noticed Edmund
  3726 | D:5      | Reached skill level 7 in Unarmed Combat
  4425 | D:6      | Noticed Dowan
  4426 | D:6      | Noticed Duvessa
  4433 | D:6      | Killed Duvessa
  4435 | D:6      | Killed Dowan
  4690 | D:6      | Noticed wally255's ghost (novice KoHu)
  4718 | D:6      | Found a transporter.
  4724 | D:6      | Found a transporter.
  4886 | D:6      | Reached skill level 8 in Unarmed Combat
  4938 | D:6      | Found a shadowy altar of Dithmenos.
  4948 | D:6      | Reached XP level 9. HP: 75/75 MP: 8/10
  5333 | D:7      | Reached skill level 1 in Shields
  5813 | D:7      | Reached skill level 9 in Unarmed Combat
  5976 | D:7      | Noticed Maurice
  5992 | D:7      | Killed Maurice
  6622 | D:8      | Noticed a two-headed ogre
  6632 | D:8      | Killed a two-headed ogre
  6633 | D:8      | Reached skill level 10 in Fighting
  6633 | D:8      | Reached XP level 10. HP: 85/85 MP: 8/11
  6784 | D:8      | Found a basalt altar of Yredelemnul.
  6784 | D:8      | Found a snail-covered altar of Cheibriados.
  6806 | D:8      | Learned a level 3 spell: Swiftness
  6820 | D:8      | Found an iron altar of Okawaru.
  6828 | D:8      | Reached skill level 10 in Unarmed Combat
  6944 | D:8      | Noticed Gastronok
  6973 | D:8      | Killed Gastronok
  7216 | D:8      | Noticed Jeremiah
  7926 | D:10     | Entered Level 10 of the Dungeon
  8011 | D:10     | Reached skill level 11 in Unarmed Combat
  8037 | D:10     | Reached skill level 5 in Shields
  8465 | D:10     | Gained mutation: You have a sharp stinger which inflicts
                  | weakening toxins. [demonic ancestry]
  8465 | D:10     | Reached XP level 11. HP: 92/92 MP: 12/12
  8711 | D:10     | Found Onlun's Jewellery Shop.
  8992 | D:10     | Reached skill level 12 in Unarmed Combat
  9588 | D:11     | Found Ikkippulo's General Store.
  9722 | D:11     | Mangled by a polar bear

Illustrated notes

Levels and vault maps discovered:
D:1:      minmay_arrival_stone_box, layout_loops_corners,
          minmay_misc_feat_square
D:2:      layout_loops_ring, uniq_terence
D:3:      layout_loops_ring, bloody_makhleb, ebering_ecumenical_altar_abandoned,
          minmay_misc_feat_more_columns, minmay_cut_off
D:4:      layout_gridville, uniq_pikel, uniq_edmund
D:5:      layout_rooms, minmay_temple_entry_overgrown, minivault_24
D:6:      layout_gridville, mainiacjoe_overflow_concentric_impassable,
          gammafunk_ghost_smash, uniq_duvessa
D:7:      layout_basic, chequers_big_river, uniq_maurice
D:8:      layout_loops_corners, minitemple, biasface_ghost_orc_armoury,
          nicolae_underground_beach, uniq_jeremiah, uniq_gastronok
D:9:      minmay_bubble_buster, layout_rooms, erik_lair_orcish_takeover,
          zombieorc2_lemuel, onia_ninara_dug_in_and_dangerous
D:10:     layout_roguey, serial_shops, nicolae_shop_tiny_waterfront,
          serial_library_hellmonk_secret_room
D:11:     layout_irregular_city, serial_ice, serial_ice_n, serial_ice_m,
          serial_ice_a, serial_ice_b, serial_ice_g, serial_shops, shop,
          grunt_ministairs_6, kennysheep_vampire_church

Skill      XL: |  1  2  3  4  5  6  7  8  9 10 11 |
---------------+----------------------------------+-----
Unarmed Combat | 3 4 5 6 8 9 11 12 | 12.4
Fighting       | 4 5 6 7 8 10 11 | 11.5
Shields        | 3 5 6 |  6.4
Spellcasting   | |  1.0
Fire Magic     | |  2.6

Action                     |  1- 3 |  4- 6 |  7- 9 | 10-12 || total
---------------------------+-------+-------+-------+-------++-------
  Melee: Unarmed           |    94 |   165 |   274 |   467 ||  1000
         Tailslap          |       |    17 |    31 |    82 ||   130
         Punch             |       |     3 |     5 |       ||     8
  Throw: Javelin           |     4 |    10 |     2 |     8 ||    24
 Invoke: Fiery Armour      |     1 |     1 |     3 |     2 ||     7
         Rising Flame      |       |       |     1 |       ||     1
  Evoke: Wand              |       |       |    23 |       ||    23
    Use: Scroll            |       |     5 |    11 |     2 ||    18
         Potion            |       |       |     3 |     3 ||     6
   Stab: Paralysed         |       |       |     9 |       ||     9
 Armour: Robe              |    38 |       |       |       ||    38
         Scale mail        |     6 |   101 |   243 |   305 ||   655
         Skin              |       |       |     2 |       ||     2
  Dodge: Dodged            |    41 |    66 |    99 |    84 ||   290
  Block: Tower shield      |       |       |    37 |   237 ||   274

Table legend: (Time is in decaauts)
 A = Elapsed time spent in this place.
 B = Non-inter-level travel time spent in this place.
 C = Inter-level travel time spent in this place.
 D = Time resting spent in this place.
 E = Time spent auto-exploring this place.
 F = Levels seen in this place.
 G = Mean time per level.
                   A        B        C        D        E       F      G
               +--------+--------+--------+--------+--------+-----+--------+
         Total |   9798 |   9473 |    325 |    736 |   6495 |  11 |  890.7 |
       Dungeon |   9798 |   9473 |    325 |    736 |   6495 |  11 |  890.7 |
               +--------+--------+--------+--------+--------+-----+--------+

Top non-repeatable levels by time:
     D:7: 1481 daAuts
     D:6: 1360 daAuts
    D:10: 1217 daAuts
     D:1: 1002 daAuts
     D:5: 930 daAuts
     D:8: 762 daAuts
     D:2: 737 daAuts
     D:4: 690 daAuts
     D:3: 629 daAuts
    D:11: 604 daAuts
     D:9: 382 daAuts
